 Dungeon Crawl Stone Soup version 0.28-a0-861-ge64d6db94f (webtiles) character file.

Game seed: 9057711748080794913

73 freelancePsychic the Ducker (level 4, -1/38 HPs)
             Began as a Gnoll Wanderer on Nov 16, 2021.
             Blown up by Ijyb (31 damage)
             ... with a mindburst bolt
             ... on level 3 of the Dungeon.
             The game lasted 00:03:38 (2162 turns).

freelancePsychic the Ducker (Gnoll Wanderer)        Turns: 2162, Time: 00:03:38

Health: -1/38      AC:  5    Str: 13    XL:     4   Next: 27%
Magic:  8/8        EV: 13    Int: 12    God:
Gold:   10         SH:  0    Dex: 10    Spells: 9/9 levels left

rFire   . . .      SeeInvis .   a - +1 spear
rCold   . . .      Faith    .   (no shield)
rNeg    . . .      Spirit   .   c - +0 robe
rPois   .          Reflect  .   (no helmet)
rElec   .          Harm     .   (no cloak)
rCorr   .          Rampage  .   (no gloves)
Will    .....                   e - +2 pair of boots
Stlth   ++........              (no amulet)
HPRegen 0.12/turn               (no ring)
MPRegen 0.11/turn               (no ring)

@: no status effects
A: fangs 1, strong nose, distributed training
a: no special abilities


You were on level 3 of the Dungeon.
You visited 1 branch of the dungeon, and saw 3 of its levels.

You collected 68 gold pieces.
You spent 58 gold pieces at shops.

Inventory:

Hand Weapons
 a - a +1 spear (weapon)
Missiles
 j - 3 boomerangs (quivered)
Armour
 c - a +0 robe (worn)
 e - a +2 pair of boots (worn)
Scrolls
 b - 3 scrolls of teleportation {@r4}
Potions
 d - 4 potions of heal wounds {@q2}
 f - 2 potions of mutation {unknown}
 g - a potion of curing {unknown}
 h - a potion of degeneration {unknown}


   Skills:
 + Level 4.6 Fighting
 + Level 1.1 Short Blades
 + Level 1.1 Long Blades
 + Level 1.1 Axes
 + Level 1.1 Maces & Flails
 + Level 2.7 Polearms
 + Level 1.1 Staves
 + Level 1.1 Slings
 + Level 1.1 Bows
 + Level 1.1 Crossbows
 + Level 1.1 Throwing
 + Level 1.1 Armour
 + Level 4.6 Dodging
 + Level 2.5 Stealth
 + Level 1.1 Shields
 + Level 1.1 Unarmed Combat
 + Level 3.0 Spellcasting
 + Level 0.8 Conjurations
 + Level 0.8 Hexes
 + Level 2.2 Summonings
 + Level 0.8 Necromancy
 + Level 0.8 Translocations
 + Level 2.2 Transmutations
 + Level 0.8 Fire Magic
 + Level 0.8 Ice Magic
 + Level 0.8 Air Magic
 + Level 0.8 Earth Magic
 + Level 0.8 Poison Magic
 + Level 1.2 Invocations
 + Level 2.7 Evocations


You had 9 spell levels left.
You didn't know any spells.
Your spell library contained the following spells:

 Spells                   Type           Power      Damage    Failure   Level
 Call Imp                 Summ           7%         N/A       16%         2
 Magic Dart               Conj           12%        1d3       17%         1
 Slow                     Hex            12%        N/A       17%         1
 Blink                    Tloc           6%         N/A       26%         2
 Conjure Flame            Conj/Fire      3%         6-21      45%         3
 Frozen Ramparts          Ice            6%         1d2       45%         3
 Mephitic Cloud           Conj/Pois/Air  3%         N/A       45%         3
 Ice Form                 Ice/Tmut       5%         N/A       78%         4
 Summon Ice Beast         Ice/Summ       5%         N/A       78%         4


Dungeon Overview and Level Annotations

Branches:
Dungeon (3/15)

Altars:
Uskayaw
Yredelemnul

Shops:
D:3 *

Annotations:
D:3 Ijyb


Innate Abilities, Weirdness & Mutations

You have very sharp teeth.
Your uncanny sense of smell can sniff out nearby items.
Your experience applies equally to all skills.


Message History

Throw: dart (poison)
Press: ? - help, Q - select action, (/) - cycle Shift-Dir - straight line, f/p - Ijyb
Aim: Ijyb, wielding a +0 club, wearing a +4 chain mail of fire resistance and carrying a wand of mindburst (6) (lightly wounded, poisoned, 57% to hit)
You throw a poisoned dart. The poisoned dart hits Ijyb.
Ijyb is lightly wounded.
Ijyb zaps a wand.
Your mind is blasted!
You feel much better. Ijyb completely misses you.
You barely miss Ijyb.
Ijyb is lightly wounded.
Ijyb hits you with a +0 club.
You barely miss Ijyb.
Ijyb is lightly wounded.
The hobgoblin hits you but does no damage.
Ijyb hits you but does no damage.
You hit Ijyb. Your punch misses Ijyb.
Ijyb is heavily wounded.
A bat comes into view.
The hobgoblin closely misses you. Ijyb hits you with a +0 club.
You hit Ijyb but do no damage.
Ijyb is heavily wounded.
The hobgoblin closely misses you. Ijyb hits you with a +0 club.
You hit Ijyb but do no damage.
Ijyb is heavily wounded.
You closely miss Ijyb.
Ijyb is heavily wounded.
The bat hits you. The bat barely misses you. Ijyb hits you but does no damage.
The hobgoblin barely misses you.
Ijyb looks more healthy.
The bat misses you. The bat barely misses you. The bat barely misses you.
The bat hits you but does no damage. The bat completely misses you.
Throw: 3 boomerangs
Press: ? - help, Q - select action Shift-Dir - straight line, f/p - Ijyb
Aim: Ijyb, wielding a +0 club, wearing a +4 chain mail of fire resistance and carrying a wand of mindburst (5) (severely wounded, 57% to hit)
You throw a boomerang. The boomerang closely misses Ijyb.
Ijyb zaps a wand.
Your mind is blasted!
Ouch! That really hurt!
You die...

***,,,,,.............#######.*
*,,,,,........⌠............*
***,,,,,,........[...########*
,,,,,,,,..##.........#
***,,,,,........g....##########
,,+,,,,,......(....†.........>#
***,,,,,........##..#########'###
*,,,,,........##.g#*..........#
*,,,,,........@.g.#*.....(....# *
*,,,,,........###.#*..........# *
*,,,,,........# #..########.### *
*,,,,,........# ##.#* #.# *
*,,,,,........# *..* #.# *
*,,,,,,.......* *#.#######'### *
*,,,^,,.......* *..#......... *
*,,,,,,.......* *#.#......... *
*,,,,,,,,,,,,∆* #.#.........


You could see Ijyb and a hobgoblin.

Vanquished Creatures
  3 adders (D:2)
  A worm (D:3)
  5 ball pythons
  4 bats
  4 endoplasms
  A giant cockroach (D:1)
  4 goblins
  3 hobgoblins
  4 jackals (D:1)
  2 quokkas (D:2)
  4 frilled lizards
  4 kobolds
  2 rats
41 creatures vanquished.

Notes
Turn   | Place    | Note
-------+----------+-------------------------------------------
     0 | D:1      | freelancePsychic the Gnoll Wanderer began the quest for the
                  | Orb.
     0 | D:1      | freelancePsychic set off with the following items: a +0
                  | spear, a scroll of teleportation {@r4}, a +0 robe; and the
                  | following spells available to memorise: Call Imp, Magic
                  | Dart, Slow, Blink, Conjure Flame, Mephitic Cloud
     0 | D:1      | Reached XP level 1. HP: 20/20 MP: 4/4
   228 | D:1      | Reached XP level 2. HP: 17/26 MP: 5/5
   811 | D:2      | Reached XP level 3. HP: 31/31 MP: 7/7
  1168 | D:2      | Found a faded altar of an unknown god.
  1304 | D:2      | Reached skill level 1 in Invocations
  1571 | D:2      | Reached skill level 1 in Short Blades
  1571 | D:2      | Reached skill level 1 in Long Blades
  1571 | D:2      | Reached skill level 1 in Axes
  1571 | D:2      | Reached skill level 1 in Maces & Flails
  1571 | D:2      | Reached skill level 1 in Staves
  1571 | D:2      | Reached skill level 1 in Slings
  1571 | D:2      | Reached skill level 1 in Bows
  1571 | D:2      | Reached skill level 1 in Crossbows
  1571 | D:2      | Reached skill level 1 in Throwing
  1571 | D:2      | Reached skill level 1 in Armour
  1571 | D:2      | Reached skill level 1 in Shields
  1571 | D:2      | Reached skill level 1 in Unarmed Combat
  1571 | D:2      | Reached XP level 4. HP: 28/38 MP: 8/8
  2023 | D:3      | Found Posunep's Assorted Antiques.
  2034 | D:3      | Bought a scroll labelled MOEBLUS LIWUUS for 20 gold pieces
  2034 | D:3      | Bought a scroll labelled HAMOUW DE PUERPH for 20 gold
                  | pieces
  2034 | D:3      | Bought a bubbling emerald potion for 18 gold pieces
  2120 | D:3      | Found a hide-covered altar of Uskayaw.
  2122 | D:3      | Found a basalt altar of Yredelemnul.
  2140 | D:3      | Noticed Ijyb
  2162 | D:3      | Blown up by Ijyb

Illustrated notes

Levels and vault maps discovered:
D:1:      psy_arrival_whirlpool, layout_rooms
D:2:      minmay_spotlight, layout_loops_ring,
          ebering_ecumenical_altar_abandoned
D:3:      layout_basic, grunt_temple_overflow_open, serial_shops,
          nicolae_shop_overgrown_old_shop, ebering_ghost_disaster_area,
          uniq_ijyb

Skill      XL: |  1  2  3  4 |
---------------+-------------+-----
Summonings     | 2 |  2.2
Transmutations | 2 |  2.2
Invocations    | 1 |  1.2
Short Blades   | 1 |  1.1
Long Blades    | 1 |  1.1
Axes           | 1 |  1.1
Maces & Flails | 1 |  1.1
Staves         | 1 |  1.1
Slings         | 1 |  1.1
Bows           | 1 |  1.1
Crossbows      | 1 |  1.1
Throwing       | 1 |  1.1
Armour         | 1 |  1.1
Shields        | 1 |  1.1
Unarmed Combat | 1 |  1.1
Spellcasting   | 3 |  3.0
Fighting       | |  4.6
Polearms       | |  2.7
Dodging        | |  4.6
Stealth        | |  2.5
Conjurations   | |  0.8
Hexes          | |  0.8
Necromancy     | |  0.8
Translocations | |  0.8
Fire Magic     | |  0.8
Ice Magic      | |  0.8
Air Magic      | |  0.8
Earth Magic    | |  0.8
Poison Magic   | |  0.8
Evocations     | |  2.7

Action                   |  1- 3 |  4- 6 || total
-------------------------+-------+-------++-------
Melee: Spear             |   161 |    47 ||   208
       Bite              |     9 |     2 ||    11
Throw: Boomerang         |       |     9 ||     9
       Dart              |       |     2 ||     2
  Use: Scroll            |     3 |     3 ||     6
       Potion            |       |     1 ||     1
 Stab: Sleeping          |     5 |     1 ||     6
Armor: Robe              |    28 |    13 ||    41
Dodge: Dodged            |   101 |    22 ||   123

Table legend: (Time is in decaauts)
 A = Elapsed time spent in this place.
 B = Non-inter-level travel time spent in this place.
 C = Inter-level travel time spent in this place.
 D = Time resting spent in this place.
 E = Time spent auto-exploring this place.
 F = Levels seen in this place.
 G = Mean time per level.
                   A        B        C        D        E       F      G
               +--------+--------+--------+--------+--------+-----+--------+
         Total |   2158 |   2089 |     69 |    139 |   1570 |   3 |  719.3 |
       Dungeon |   2158 |   2089 |     69 |    139 |   1570 |   3 |  719.3 |
               +--------+--------+--------+--------+--------+-----+--------+

Top non-repeatable levels by time:
     D:2: 1219 daAuts
     D:1: 790 daAuts
     D:3: 148 daAuts
